Maple Leafs vs Sharks
Created - 6 mars 2017 at 19:21
Goals
|
| Maple Leafs |
1 |
1 |
0 |
0 |
2 |
2 |
| Sharks |
0 |
0 |
2 |
0 |
3 |
3 |
|
Shots
|
| Maple Leafs |
9 |
10 |
12 |
3 |
3 |
34 |
| Sharks |
10 |
6 |
11 |
4 |
3 |
31 |
|
1st period
1. Maple Leafs , Ryan Craig 1 (Eric Nystrom) at 5:35
Penalties :
Jordan Staal (Tor) for Interference (Minor) at 5:44, Blake Comeau (Tor) for Interference (Minor) at 17:58
2nd period
2. Maple Leafs , Rob Schremp 9 (Michael Grabner, Alexander Frolov) at 5:21
Penalties :
Tobias Enstrom (Tor) for Tripping (Minor) at 0:21, Fabian Brunnstrom (Tor) for High sticking (Minor) at 11:15, Blake Comeau (Tor) for Interference (Minor) at 14:55, David Legwand (SJS) for Hooking (Minor) at 16:40
3rd period
3. Sharks , Brad Boyes 31 (Andrej Sekera, Boris Valabik) at 8:30
4. Sharks , Damien Brunner 7 (Kevin Shattenkirk, Greg Campbell) at 18:06
Penalties :
Nick Palmieri (SJS) for Interference (Minor) at 0:45, Claude Giroux (Tor) for Roughing (Minor) at 0:51, Ryan Craig (Tor) for Holding Stick (Minor) at 4:20, Ryan Craig (Tor) for Tripping (Minor) at 11:17, Ryane Clowe (SJS) for Roughing (Minor) at 11:52, Ryan Craig (Tor) for Hooking (Minor) at 18:11
Overtime #1
No Goal
Penalties :
No Penalty
Shootout
Penalty Shot by Claude Giroux for Maple Leafs - Goal!
Penalty Shot by Tuomo Ruutu for Sharks - Goal!
Penalty Shot by Michael Grabner for Maple Leafs - Stopped by Mike Brodeur
Penalty Shot by Brad Boyes for Sharks - Goal!
Penalty Shot by Alexander Frolov for Maple Leafs - Goal!
Penalty Shot by Greg Campbell for Sharks - Goal!
Penalties :
No Penalty
Goalie Stats
Marc-André Fleury (Tor), 29 saves from 31 shots - (0,935), OTL, 25-15-8, 65:00 minutes
Mike Brodeur (SJS), 32 saves from 34 shots - (0,941), W, 3-1-0, 65:00 minutes
Players Stats for Maple Leafs
Player Name G A P +/- PIM S H SB GA TA FO MP PP MP PK MP
------------------------------------------------------------------------------------
Alexander Frolov 0 1 1 1 0 2 5 0 0 0 0/0 19:23 1:01 6:05
Blake Comeau 0 0 0 0 4 1 0 0 0 0 1/1 9:56 0:47 1:54
Braydon Coburn 0 0 0 1 0 1 1 1 0 2 0/0 32:26 1:10 8:41
Claude Giroux 0 0 0 -1 2 5 3 1 0 0 0/0 26:31 0:52 7:56
Colby Armstrong 0 0 0 0 0 1 3 0 0 1 0/0 10:32 0:38 0:00
Eric Nystrom 0 1 1 0 0 1 0 0 0 0 1/1 11:33 0:20 0:04
Fabian Brunnstrom 0 0 0 -1 2 0 1 0 0 0 0/0 14:34 0:38 0:00
Jamie McBain 0 0 0 -2 0 1 0 0 0 0 0/0 10:18 1:16 0:00
Jordan Staal 0 0 0 -1 2 5 1 1 0 0 20/46 25:54 0:53 7:06
Justin Abdelkader 0 0 0 0 0 0 0 0 0 0 0/1 5:37 0:00 0:00
Justin Schultz 0 0 0 0 0 0 0 1 0 1 0/0 14:00 0:00 1:14
Marc-Édouard Vlasic 0 0 0 1 0 1 1 2 0 0 0/0 23:42 1:16 5:49
Michael Grabner 0 1 1 1 0 5 2 1 0 0 0/3 13:33 0:55 0:00
Rob Schremp 1 0 1 1 0 4 2 1 0 1 2/7 16:20 0:38 5:09
Ryan Craig 1 0 1 0 6 3 0 0 0 0 4/7 12:31 0:35 0:15
Taylor Chorney 0 0 0 -1 0 0 1 1 0 1 0/0 18:01 0:00 5:39
Tobias Enstrom 0 0 0 1 2 4 2 3 1 2 0/0 31:32 1:10 7:17
Zac Dalpe 0 0 0 0 0 0 0 0 0 0 0/2 5:37 0:00 0:00
Players Stats for Sharks
Player Name G A P +/- PIM S H SB GA TA FO MP PP MP PK MP
------------------------------------------------------------------------------------
Andrej Sekera 0 1 1 0 0 3 0 1 0 0 0/0 12:43 0:06 1:04
Antoine Vermette 0 0 0 -2 0 1 4 0 1 0 6/12 18:30 5:27 0:35
Boris Valabik 0 1 1 0 0 0 1 0 0 0 0/0 14:44 0:00 1:47
Brad Boyes 1 0 1 1 0 1 3 1 1 0 0/1 24:49 8:38 0:00
Cal Clutterbuck 0 0 0 0 0 2 2 0 0 0 3/4 10:13 0:00 1:51
Damien Brunner 1 0 1 1 0 5 1 0 0 0 0/1 13:01 0:04 0:02
David Legwand 0 0 0 1 2 2 1 0 1 0 19/36 24:47 8:28 0:00
Derek Boogaard 0 0 0 1 0 2 3 0 1 0 2/2 20:59 8:22 0:06
Greg Campbell 0 1 1 1 0 1 1 1 0 1 7/7 12:03 0:00 1:16
Kevin Shattenkirk 0 1 1 0 0 3 1 3 1 0 0/0 28:14 8:58 0:00
Kim Johnsson 0 0 0 0 0 0 1 0 1 0 0/0 17:17 5:05 0:00
Lasse Kukkonen 0 0 0 0 0 2 2 6 0 0 0/0 24:12 5:05 1:22
Mike Green 0 0 0 0 0 3 2 2 0 0 0/0 32:50 9:04 0:39
Nick Palmieri 0 0 0 -2 2 0 2 1 0 0 0/0 16:18 5:33 0:00
Oskar Osala 0 0 0 1 0 1 0 1 1 0 0/0 10:47 0:00 0:00
Ryane Clowe 0 0 0 -2 2 1 1 0 0 0 0/0 16:22 5:26 0:27
T.J. Hensick 0 0 0 0 0 2 1 0 0 0 3/5 9:40 0:13 0:35
Tuomo Ruutu 0 0 0 0 0 2 0 0 1 0 0/0 6:31 0:14 0:00
3 Stars
1 - Brad Boyes (SJS)
2 - Rob Schremp (Tor)
3 - Damien Brunner (SJS)
Power Play
Maple Leafs - 0 on 3 Attempt(s) - 0,00%
Sharks - 0 on 9 Attempt(s) - 0,00%
Penalty Kill
Maple Leafs - 9 on 9 Attempt(s) - 100,00%
- Score 0 goal in Penalty Kill
Sharks - 3 on 3 Attempt(s) - 100,00%
- Score 0 goal in Penalty Kill
Team Stat
Maple Leafs - Hits : 22 - Faceoff Wins : 28 - Blocked Shots : 12 - Penalty Minutes : 18
Sharks - Hits : 26 - Faceoff Wins : 40 - Blocked Shots : 16 - Penalty Minutes : 6
Official
Referees : Furlatt Eric and Devorski Paul
Linesman : Bryan Pancich and Steve Miller
Game Notes
No Game Note
Finance
Level 1 -- Attendance: 4486 (74,77%) -- Ticket Income 403 740 $
Level 2 -- Attendance: 3285 (65,70%) -- Ticket Income 197 100 $
Level 3 -- Attendance: 1177 (58,85%) -- Ticket Income 47 080 $
Level 4 -- Attendance: 3623 (90,58%) -- Ticket Income 72 460 $
Luxury Box -- Attendance: 702 (70,20%) -- Ticket Income 126 360 $
Game was played at the Hockey Place Center.
Total Attendance: 13273 (73,74%)
Total Ticket Income: 846 740 $
Other Income: 127 011 $
Total Income: 973 751 $
Maple Leafs
5 vs 5 Forward
Center Left Wing Right Wing Time % Phy DF OF
1 Jordan Staal Fabian Brunnstrom Claude Giroux 40 1 2 2
2 Rob Schremp Alexander Frolov Michael Grabner 30 1 2 2
3 Ryan Craig Eric Nystrom Colby Armstrong 20 1 2 2
4 Zac Dalpe Justin Abdelkader Blake Comeau 10 1 2 2
5 vs 5 Defense
Defense Defense Time % Phy DF OF
1 Tobias Enstrom Braydon Coburn 40 1 2 2
2 Justin Schultz Marc-Édouard Vlasic 30 1 2 2
3 Taylor Chorney Jamie McBain 20 1 2 2
4 Tobias Enstrom Braydon Coburn 10 1 2 2
PowerPlay Forward
Center Left Wing Right Wing Time % Phy DF OF
1 Jordan Staal Alexander Frolov Claude Giroux 60 1 2 2
2 Rob Schremp Fabian Brunnstrom Colby Armstrong 40 1 2 2
PowerPlay Defense
Defense Defense Time % Phy DF OF
1 Tobias Enstrom Braydon Coburn 60 1 2 2
2 Jamie McBain Marc-Édouard Vlasic 40 1 2 2
Penalty Kill 4 Players Forward
Center Wing Time % Phy DF OF
1 Jordan Staal Claude Giroux 60 1 2 2
2 Rob Schremp Alexander Frolov 40 1 2 2
Penalty Kill 4 Players Defense
Defense Defense Time % Phy DF OF
1 Tobias Enstrom Braydon Coburn 60 1 2 2
2 Taylor Chorney Marc-Édouard Vlasic 40 1 2 2
Penalty Kill - 3 Players Forward
Forward Time % Phy DF OF
1 Jordan Staal 60 1 2 2
2 Claude Giroux 40 1 2 2
Penalty Kill - 3 Players Defense
Defense Defense Time % Phy DF OF
1 Tobias Enstrom Braydon Coburn 60 1 2 2
2 Taylor Chorney Marc-Édouard Vlasic 40 1 2 2
4 vs 4 Forward
Center Wing Time % Phy DF OF
1 Jordan Staal Claude Giroux 60 1 2 2
2 Ryan Craig Alexander Frolov 40 1 2 2
4 vs 4 Defense
Defense Defense Time % Phy DF OF
1 Tobias Enstrom Braydon Coburn 60 1 2 2
2 Taylor Chorney Marc-Édouard Vlasic 40 1 2 2
Last Minutes Offensive
Center Left Wing Right Wing Defense Defense
Jordan Staal Alexander Frolov Claude Giroux Tobias Enstrom Braydon Coburn
Last Minutes Defensive
Center Left Wing Right Wing Defense Defense
Jordan Staal Alexander Frolov Claude Giroux Tobias Enstrom Braydon Coburn
Goaltenders
Starting : Marc-André Fleury
Backup : Alex Stalock
Extra Forwards
Normal : Michael Grabner, Eric Nystrom, Blake Comeau - PP : Michael Grabner, Eric Nystrom - PK : Blake Comeau
Extra Defensemen
Normal : Jamie McBain, Justin Schultz, Taylor Chorney - PP : Jamie McBain - PK : Justin Schultz, Taylor Chorney
Penalty Shots
Claude Giroux, Michael Grabner, Alexander Frolov, Jordan Staal, Fabian Brunnstrom
Sharks
5 vs 5 Forward
Center Left Wing Right Wing Time % Phy DF OF
1 David Legwand Derek Boogaard Brad Boyes 40 2 2 1
2 Antoine Vermette Ryane Clowe Nick Palmieri 30 2 2 1
3 Greg Campbell Oskar Osala Damien Brunner 20 2 2 1
4 T.J. Hensick Tuomo Ruutu Cal Clutterbuck 10 2 2 1
5 vs 5 Defense
Defense Defense Time % Phy DF OF
1 Mike Green Kevin Shattenkirk 40 2 2 1
2 Kim Johnsson Lasse Kukkonen 30 2 2 1
3 Andrej Sekera Boris Valabik 20 2 2 1
4 Mike Green Kevin Shattenkirk 10 2 2 1
PowerPlay Forward
Center Left Wing Right Wing Time % Phy DF OF
1 David Legwand Derek Boogaard Brad Boyes 60 2 1 2
2 Antoine Vermette Ryane Clowe Nick Palmieri 40 2 1 2
PowerPlay Defense
Defense Defense Time % Phy DF OF
1 Mike Green Kevin Shattenkirk 60 2 1 2
2 Kim Johnsson Lasse Kukkonen 40 2 1 2
Penalty Kill 4 Players Forward
Center Wing Time % Phy DF OF
1 Greg Campbell Cal Clutterbuck 60 2 3 0
2 Derek Boogaard Antoine Vermette 40 2 3 0
Penalty Kill 4 Players Defense
Defense Defense Time % Phy DF OF
1 Mike Green Lasse Kukkonen 60 2 3 0
2 Andrej Sekera Boris Valabik 40 2 3 0
Penalty Kill - 3 Players Forward
Forward Time % Phy DF OF
1 Greg Campbell 60 1 4 0
2 Tuomo Ruutu 40 1 4 0
Penalty Kill - 3 Players Defense
Defense Defense Time % Phy DF OF
1 Mike Green Lasse Kukkonen 60 1 4 0
2 Andrej Sekera Boris Valabik 40 1 4 0
4 vs 4 Forward
Center Wing Time % Phy DF OF
1 David Legwand Brad Boyes 60 2 2 1
2 Antoine Vermette Damien Brunner 40 2 2 1
4 vs 4 Defense
Defense Defense Time % Phy DF OF
1 Mike Green Lasse Kukkonen 60 2 2 1
2 Boris Valabik Lasse Kukkonen 40 2 2 1
Last Minutes Offensive
Center Left Wing Right Wing Defense Defense
David Legwand Derek Boogaard Brad Boyes Mike Green Kevin Shattenkirk
Last Minutes Defensive
Center Left Wing Right Wing Defense Defense
David Legwand Greg Campbell Cal Clutterbuck Mike Green Lasse Kukkonen
Goaltenders
Starting : Mike Brodeur
Backup : Harru Sateri
Extra Forwards
Normal : Cal Clutterbuck, T.J. Hensick, Nick Palmieri - PP : Tuomo Ruutu, T.J. Hensick - PK : Greg Campbell
Extra Defensemen
Normal : Andrej Sekera, Boris Valabik, Kevin Shattenkirk - PP : Andrej Sekera - PK : Boris Valabik, Kevin Shattenkirk
Penalty Shots
Tuomo Ruutu, Brad Boyes, Greg Campbell, Ryane Clowe, Antoine Vermette
% Time on Ice - Maple Leafs
Lines # - Real PCT - Wanted PCT - Time Play
Normal Forward
1 - 37% - 40% - 14:57
2 - 24% - 30% - 9:33
3 - 25% - 20% - 9:47
4 - 14% - 10% - 5:37
Normal Defense
1 - 43% - 40% - 17:07
2 - 33% - 30% - 13:21
3 - 22% - 20% - 8:36
4 - 2% - 10% - 0:50
PP Forward
1 - 50% - 60% - 1:13
2 - 50% - 40% - 1:13
PP Defense
1 - 48% - 60% - 1:10
2 - 52% - 40% - 1:16
PK Forward
1 - 70% - 60% - 9:58
2 - 30% - 40% - 4:11
PK Defense
1 - 60% - 60% - 8:30
2 - 40% - 40% - 5:39
PK3 Forward
1 - 100% - 60% - 0:11
2 - 0% - 40% - 0:00
PK3 Defense
1 - 100% - 60% - 0:11
2 - 0% - 40% - 0:00
44 Forward
1 - 79% - 60% - 6:35
2 - 21% - 40% - 1:45
44 Defense
1 - 62% - 60% - 5:09
2 - 38% - 40% - 3:11
Last Minute Offensive - 0:00
Last Minute Defensive - 0:00
Total
Forward - 65:00
Defense - 65:00
|
% Time on Ice - Sharks
Lines # - Real PCT - Wanted PCT - Time Play
Normal Forward
1 - 32% - 40% - 12:36
2 - 26% - 30% - 10:32
3 - 27% - 20% - 10:47
4 - 15% - 10% - 5:59
Normal Defense
1 - 44% - 40% - 17:42
2 - 31% - 30% - 12:12
3 - 23% - 20% - 9:01
4 - 2% - 10% - 0:59
PP Forward
1 - 61% - 60% - 8:42
2 - 39% - 40% - 5:27
PP Defense
1 - 64% - 60% - 9:04
2 - 36% - 40% - 5:05
PK Forward
1 - 95% - 60% - 2:18
2 - 5% - 40% - 0:08
PK Defense
1 - 27% - 60% - 0:39
2 - 73% - 40% - 1:47
PK3 Forward
1 - 0% - 60%
2 - 0% - 40%
PK3 Defense
1 - 0% - 60%
2 - 0% - 40%
44 Forward
1 - 78% - 60% - 6:41
2 - 22% - 40% - 1:50
44 Defense
1 - 57% - 60% - 4:52
2 - 43% - 40% - 3:39
Last Minute Offensive - 0:00
Last Minute Defensive - 0:00
Total
Forward - 65:00
Defense - 65:00
|
Play by Play
1st period
0:01 of 1st period - David Legwand wins face-off versus Jordan Staal in neutral zone.
0:26 of 1st period - Antoine Vermette is hit by Rob Schremp and loses puck.
0:55 of 1st period - Snap shot by Damien Brunner.
0:55 of 1st period - Stopped by Marc-André Fleury without a rebound.
0:56 of 1st period - T.J. Hensick wins face-off versus Zac Dalpe in Maple Leafs zone.
0:59 of 1st period - Snap shot by Tuomo Ruutu.
0:59 of 1st period - Stopped by Marc-André Fleury without a rebound.
1:00 of 1st period - T.J. Hensick wins face-off versus Justin Abdelkader in Maple Leafs zone.
1:25 of 1st period - Tuomo Ruutu is hit by Alexander Frolov and loses puck.
1:30 of 1st period - Snap shot by Rob Schremp.
1:30 of 1st period - Stopped by Mike Brodeur with a rebound.
1:32 of 1st period - Snap shot by Taylor Chorney.
1:32 of 1st period - Shot Blocked by Andrej Sekera.
2:10 of 1st period - Lasse Kukkonen is hit by Colby Armstrong and loses puck.
2:59 of 1st period - Snap shot by Greg Campbell.
2:59 of 1st period - Stopped by Marc-André Fleury without a rebound.
3:00 of 1st period - Greg Campbell wins face-off versus Zac Dalpe in Maple Leafs zone.
3:26 of 1st period - Kevin Shattenkirk is hit by Claude Giroux and loses puck.
3:59 of 1st period - Slapshot by Tobias Enstrom.
3:59 of 1st period - Stopped by Mike Brodeur without a rebound.
4:00 of 1st period - Antoine Vermette wins face-off versus Jordan Staal in Sharks zone.
4:13 of 1st period - Snap shot by Antoine Vermette.
4:13 of 1st period - Shot Misses the Net.
4:44 of 1st period - Icing by Kim Johnsson.
4:45 of 1st period - Ryan Craig wins face-off versus Cal Clutterbuck in Sharks zone.
4:50 of 1st period - Wrist shot by Claude Giroux.
4:50 of 1st period - Shot Blocked by Lasse Kukkonen.
5:10 of 1st period - Mike Green is hit by Alexander Frolov and loses puck.
5:33 of 1st period - Wrist shot by Eric Nystrom.
5:33 of 1st period - Stopped by Mike Brodeur with a rebound.
5:35 of 1st period - Snap shot by Ryan Craig.
5:35 of 1st period - Goal by Ryan Craig - Maple Leafs : 1 - Sharks : 0.
5:36 of 1st period - Antoine Vermette wins face-off versus Jordan Staal in neutral zone.
5:44 of 1st period - Minor Penalty to Jordan Staal for Interference.
5:45 of 1st period - Blake Comeau wins face-off versus David Legwand in Maple Leafs zone.
7:25 of 1st period - Icing by Brad Boyes.
7:26 of 1st period - David Legwand wins face-off versus Ryan Craig in Sharks zone.
7:44 of 1st period - Penalty to Jordan Staal is over, Jordan Staal is back on ice.
8:30 of 1st period - Braydon Coburn is hit by Brad Boyes and loses puck.
8:51 of 1st period - Wrist shot by Jordan Staal.
8:51 of 1st period - Shot Misses the Net.
8:53 of 1st period - Snap shot by Tobias Enstrom.
8:53 of 1st period - Shot Blocked by Nick Palmieri.
9:47 of 1st period - Snap shot by Alexander Frolov.
9:47 of 1st period - Shot Misses the Net.
10:01 of 1st period - Slapshot by Kevin Shattenkirk.
10:01 of 1st period - Stopped by Marc-André Fleury without a rebound.
10:02 of 1st period - Jordan Staal wins face-off versus Antoine Vermette in Maple Leafs zone.
10:21 of 1st period - Fabian Brunnstrom is hit by Kim Johnsson and loses puck.
10:27 of 1st period - Icing by Claude Giroux.
10:28 of 1st period - David Legwand wins face-off versus Jordan Staal in Maple Leafs zone.
10:47 of 1st period - Mike Green is hit by Tobias Enstrom and loses puck.
11:08 of 1st period - Mike Green is hit by Claude Giroux and loses puck.
11:29 of 1st period - Snap shot by Tobias Enstrom.
11:29 of 1st period - Stopped by Mike Brodeur without a rebound.
11:30 of 1st period - Antoine Vermette wins face-off versus Rob Schremp in Sharks zone.
11:59 of 1st period - Snap shot by Blake Comeau.
11:59 of 1st period - Shot Misses the Net.
12:07 of 1st period - Slapshot by Lasse Kukkonen.
12:07 of 1st period - Shot Hit the Post.
12:11 of 1st period - Wrist shot by Antoine Vermette.
12:11 of 1st period - Shot Misses the Net.
12:13 of 1st period - Wrist shot by Antoine Vermette.
12:13 of 1st period - Stopped by Marc-André Fleury without a rebound.
12:14 of 1st period - Greg Campbell wins face-off versus Rob Schremp in Maple Leafs zone.
12:17 of 1st period - Snap shot by Damien Brunner.
12:17 of 1st period - Shot Misses the Net.
12:47 of 1st period - Snap shot by T.J. Hensick.
12:47 of 1st period - Deflect By Tuomo Ruutu.
12:47 of 1st period - Stopped by Marc-André Fleury without a rebound.
12:48 of 1st period - Jordan Staal wins face-off versus T.J. Hensick in Maple Leafs zone.
13:15 of 1st period - Rob Schremp is hit by Cal Clutterbuck and loses puck.
13:22 of 1st period - Snap shot by Rob Schremp.
13:22 of 1st period - Stopped by Mike Brodeur without a rebound.
13:23 of 1st period - David Legwand wins face-off versus Jordan Staal in Sharks zone.
13:28 of 1st period - Wrist shot by David Legwand.
13:28 of 1st period - Stopped by Marc-André Fleury with a rebound.
13:30 of 1st period - Slapshot by David Legwand.
13:30 of 1st period - Shot Blocked by Taylor Chorney.
13:32 of 1st period - Snap shot by David Legwand.
13:32 of 1st period - Shot Misses the Net.
13:34 of 1st period - Slapshot by Derek Boogaard.
13:34 of 1st period - Stopped by Marc-André Fleury without a rebound.
13:35 of 1st period - Jordan Staal wins face-off versus David Legwand in Maple Leafs zone.
13:35 of 1st period - Jordan Staal is hit by Derek Boogaard.
13:43 of 1st period - Fabian Brunnstrom is hit by Derek Boogaard and loses puck.
14:08 of 1st period - Wrist shot by Michael Grabner.
14:08 of 1st period - Stopped by Mike Brodeur without a rebound.
14:09 of 1st period - Antoine Vermette wins face-off versus Rob Schremp in Sharks zone.
14:22 of 1st period - Backhand shot by Michael Grabner.
14:22 of 1st period - Stopped by Mike Brodeur without a rebound.
14:23 of 1st period - Jordan Staal wins face-off versus David Legwand in Sharks zone.
14:24 of 1st period - Wrist shot by Claude Giroux.
14:24 of 1st period - Stopped by Mike Brodeur with a rebound.
14:57 of 1st period - Kim Johnsson is hit by Colby Armstrong and loses puck.
15:39 of 1st period - Boris Valabik is hit by Taylor Chorney and loses puck.
16:04 of 1st period - Snap shot by Claude Giroux.
16:04 of 1st period - Shot Blocked by Mike Green.
16:06 of 1st period - Wrist shot by Fabian Brunnstrom.
16:06 of 1st period - Shot Misses the Net.
16:08 of 1st period - Slapshot by Taylor Chorney.
16:08 of 1st period - Shot Blocked by Kevin Shattenkirk.
16:44 of 1st period - Wrist shot by Mike Green.
16:44 of 1st period - Deflect By Oskar Osala.
16:44 of 1st period - Shot Misses the Net.
16:44 of 1st period - Puck is out of play.
16:45 of 1st period - Greg Campbell wins face-off versus Jordan Staal in Maple Leafs zone.
16:46 of 1st period - Snap shot by Oskar Osala.
16:46 of 1st period - Shot Blocked by Tobias Enstrom.
16:48 of 1st period - Slapshot by Boris Valabik.
16:48 of 1st period - Shot Misses the Net.
16:50 of 1st period - Slapshot by Andrej Sekera.
16:50 of 1st period - Stopped by Marc-André Fleury without a rebound.
16:51 of 1st period - Jordan Staal wins face-off versus David Legwand in Maple Leafs zone.
16:51 of 1st period - Jordan Staal is hit by Brad Boyes.
17:32 of 1st period - Nick Palmieri is hit by Rob Schremp and loses puck.
17:45 of 1st period - Wrist shot by Nick Palmieri.
17:45 of 1st period - Shot Blocked by Justin Schultz.
17:58 of 1st period - Minor Penalty to Blake Comeau for Interference.
17:59 of 1st period - David Legwand wins face-off versus Jordan Staal in Maple Leafs zone.
18:31 of 1st period - Slapshot by Mike Green.
18:31 of 1st period - Stopped by Marc-André Fleury without a rebound.
18:32 of 1st period - Jordan Staal wins face-off versus Antoine Vermette in Maple Leafs zone.
18:49 of 1st period - Claude Giroux is hit by Antoine Vermette and loses puck.
19:04 of 1st period - Slapshot by Rob Schremp.
19:04 of 1st period - Shot Misses the Net.
19:58 of 1st period - Penalty to Blake Comeau is over, Blake Comeau is back on ice.
Goals for this period are 1 for Maple Leafs vs 0 for Sharks.
Shots for this period are 9 for Maple Leafs vs 10 for Sharks.
2nd period
0:01 of 2nd period - David Legwand wins face-off versus Jordan Staal in neutral zone.
0:04 of 2nd period - Tobias Enstrom is hit by Mike Green and loses puck.
0:21 of 2nd period - Minor Penalty to Tobias Enstrom for Tripping.
0:22 of 2nd period - Jordan Staal wins face-off versus David Legwand in Maple Leafs zone.
1:59 of 2nd period - Braydon Coburn is hit by Kevin Shattenkirk and loses puck.
2:21 of 2nd period - Penalty to Tobias Enstrom is over, Tobias Enstrom is back on ice.
2:28 of 2nd period - Slapshot by Jamie McBain.
2:28 of 2nd period - Shot Blocked by Lasse Kukkonen.
2:39 of 2nd period - Wrist shot by Damien Brunner.
2:39 of 2nd period - Stopped by Marc-André Fleury with a rebound.
3:32 of 2nd period - Kevin Shattenkirk is hit by Tobias Enstrom.
4:20 of 2nd period - Wrist shot by T.J. Hensick.
4:20 of 2nd period - Stopped by Marc-André Fleury without a rebound.
4:21 of 2nd period - Eric Nystrom wins face-off versus T.J. Hensick in Maple Leafs zone.
4:38 of 2nd period - Off-side.
4:39 of 2nd period - David Legwand wins face-off versus Jordan Staal in neutral zone.
4:45 of 2nd period - Icing by Braydon Coburn.
4:46 of 2nd period - David Legwand wins face-off versus Jordan Staal in Maple Leafs zone.
4:57 of 2nd period - Wrist shot by Jordan Staal.
4:57 of 2nd period - Shot Misses the Net.
5:17 of 2nd period - Snap shot by Alexander Frolov.
5:17 of 2nd period - Shot Blocked by Mike Green.
5:19 of 2nd period - Snap shot by Michael Grabner.
5:19 of 2nd period - Stopped by Mike Brodeur with a rebound.
5:21 of 2nd period - Snap shot by Rob Schremp.
5:21 of 2nd period - Goal by Rob Schremp - Maple Leafs : 2 - Sharks : 0.
5:22 of 2nd period - Jordan Staal wins face-off versus David Legwand in neutral zone.
5:27 of 2nd period - Slapshot by Marc-Édouard Vlasic.
5:27 of 2nd period - Shot Blocked by Kevin Shattenkirk.
5:29 of 2nd period - Slapshot by Marc-Édouard Vlasic.
5:29 of 2nd period - Shot Blocked by Brad Boyes.
5:33 of 2nd period - Wrist shot by Claude Giroux.
5:33 of 2nd period - Stopped by Mike Brodeur with a rebound.
5:35 of 2nd period - Slapshot by Fabian Brunnstrom.
5:35 of 2nd period - Deflect By Claude Giroux.
5:35 of 2nd period - Stopped by Mike Brodeur without a rebound.
5:36 of 2nd period - David Legwand wins face-off versus Jordan Staal in Sharks zone.
6:02 of 2nd period - Nick Palmieri is hit by Michael Grabner and loses puck.
6:25 of 2nd period - Snap shot by Lasse Kukkonen.
6:25 of 2nd period - Stopped by Marc-André Fleury with a rebound.
7:16 of 2nd period - Slapshot by Marc-Édouard Vlasic.
7:16 of 2nd period - Deflect By Andrej Sekera.
7:16 of 2nd period - Stopped by Mike Brodeur without a rebound.
7:17 of 2nd period - David Legwand wins face-off versus Jordan Staal in Sharks zone.
7:17 of 2nd period - David Legwand is hit by Fabian Brunnstrom.
8:03 of 2nd period - Snap shot by Michael Grabner.
8:03 of 2nd period - Shot Misses the Net.
8:05 of 2nd period - Wrist shot by Eric Nystrom.
8:05 of 2nd period - Shot Misses the Net.
8:09 of 2nd period - Snap shot by Eric Nystrom.
8:09 of 2nd period - Shot Misses the Net.
8:11 of 2nd period - Slapshot by Tobias Enstrom.
8:11 of 2nd period - Deflect By Eric Nystrom.
8:11 of 2nd period - Shot Blocked by Oskar Osala.
8:11 of 2nd period - Puck is out of play.
8:12 of 2nd period - Jordan Staal wins face-off versus David Legwand in Sharks zone.
8:39 of 2nd period - Michael Grabner is hit by Nick Palmieri and loses puck.
9:12 of 2nd period - Eric Nystrom is hit by Damien Brunner and loses puck.
10:13 of 2nd period - Snap shot by Ryan Craig.
10:13 of 2nd period - Stopped by Mike Brodeur with a rebound.
10:15 of 2nd period - Slapshot by Jamie McBain.
10:15 of 2nd period - Shot Blocked by Greg Campbell.
10:17 of 2nd period - Slapshot by Taylor Chorney.
10:17 of 2nd period - Shot Misses the Net.
10:19 of 2nd period - Wrist shot by Colby Armstrong.
10:19 of 2nd period - Stopped by Mike Brodeur with a rebound.
10:27 of 2nd period - Snap shot by Ryan Craig.
10:27 of 2nd period - Shot Misses the Net.
10:29 of 2nd period - Slapshot by Jamie McBain.
10:29 of 2nd period - Stopped by Mike Brodeur without a rebound.
10:30 of 2nd period - David Legwand wins face-off versus Jordan Staal in Sharks zone.
10:36 of 2nd period - Off-side.
10:37 of 2nd period - David Legwand wins face-off versus Jordan Staal in neutral zone.
10:50 of 2nd period - Tobias Enstrom is hit by Brad Boyes and loses puck.
11:12 of 2nd period - Off-side.
11:13 of 2nd period - Jordan Staal wins face-off versus Antoine Vermette in neutral zone.
11:15 of 2nd period - Minor Penalty to Fabian Brunnstrom for High sticking.
11:16 of 2nd period - Derek Boogaard wins face-off versus Jordan Staal in Maple Leafs zone.
11:24 of 2nd period - Snap shot by David Legwand.
11:24 of 2nd period - Shot Blocked by Tobias Enstrom.
11:26 of 2nd period - Wrist shot by Mike Green.
11:26 of 2nd period - Stopped by Marc-André Fleury without a rebound.
11:27 of 2nd period - David Legwand wins face-off versus Jordan Staal in Maple Leafs zone.
11:28 of 2nd period - Slapshot by Kevin Shattenkirk.
11:28 of 2nd period - Stopped by Marc-André Fleury without a rebound.
11:29 of 2nd period - Jordan Staal wins face-off versus David Legwand in Maple Leafs zone.
12:08 of 2nd period - Alexander Frolov is hit by Antoine Vermette and loses puck.
13:06 of 2nd period - Braydon Coburn is hit by Ryane Clowe.
13:15 of 2nd period - Penalty to Fabian Brunnstrom is over, Fabian Brunnstrom is back on ice.
13:16 of 2nd period - Kevin Shattenkirk is hit by Braydon Coburn and loses puck.
14:41 of 2nd period - Kim Johnsson is hit by Marc-Édouard Vlasic and loses puck.
14:55 of 2nd period - Minor Penalty to Blake Comeau for Interference.
14:56 of 2nd period - David Legwand wins face-off versus Jordan Staal in Maple Leafs zone.
15:03 of 2nd period - Snap shot by Brad Boyes.
15:03 of 2nd period - Shot Blocked by Marc-Édouard Vlasic.
15:05 of 2nd period - Snap shot by David Legwand.
15:05 of 2nd period - Shot Blocked by Jordan Staal.
15:07 of 2nd period - Wrist shot by David Legwand.
15:07 of 2nd period - Stopped by Marc-André Fleury without a rebound.
15:08 of 2nd period - Jordan Staal wins face-off versus David Legwand in Maple Leafs zone.
15:42 of 2nd period - Wrist shot by Alexander Frolov.
15:42 of 2nd period - Stopped by Mike Brodeur with a rebound.
16:20 of 2nd period - Wrist shot by Brad Boyes.
16:20 of 2nd period - Shot Misses the Net.
16:40 of 2nd period - Minor Penalty to David Legwand for Hooking.
16:41 of 2nd period - Jordan Staal wins face-off versus Antoine Vermette in Sharks zone.
16:50 of 2nd period - Claude Giroux is hit by Boris Valabik and loses puck.
16:55 of 2nd period - Penalty to Blake Comeau is over, Blake Comeau is back on ice.
17:19 of 2nd period - Wrist shot by Claude Giroux.
17:19 of 2nd period - Shot Misses the Net.
17:41 of 2nd period - Slapshot by Jordan Staal.
17:41 of 2nd period - Stopped by Mike Brodeur without a rebound.
17:42 of 2nd period - Rob Schremp wins face-off versus Antoine Vermette in Sharks zone.
18:40 of 2nd period - Penalty to David Legwand is over, David Legwand is back on ice.
Goals for this period are 1 for Maple Leafs vs 0 for Sharks.
Shots for this period are 10 for Maple Leafs vs 6 for Sharks.
3rd period
0:01 of 3rd period - Jordan Staal wins face-off versus David Legwand in neutral zone.
0:14 of 3rd period - Snap shot by Derek Boogaard.
0:14 of 3rd period - Stopped by Marc-André Fleury without a rebound.
0:15 of 3rd period - Rob Schremp wins face-off versus David Legwand in Maple Leafs zone.
0:15 of 3rd period - Rob Schremp is hit by Derek Boogaard.
0:25 of 3rd period - Snap shot by Michael Grabner.
0:25 of 3rd period - Shot Misses the Net.
0:27 of 3rd period - Wrist shot by Michael Grabner.
0:27 of 3rd period - Shot Blocked by Kevin Shattenkirk.
0:31 of 3rd period - Snap shot by Rob Schremp.
0:31 of 3rd period - Shot Misses the Net.
0:41 of 3rd period - Claude Giroux is hit by Nick Palmieri and loses puck.
0:45 of 3rd period - Minor Penalty to Nick Palmieri for Interference.
0:46 of 3rd period - Greg Campbell wins face-off versus Jordan Staal in Sharks zone.
0:51 of 3rd period - Minor Penalty to Claude Giroux for Roughing.
0:52 of 3rd period - Jordan Staal wins face-off versus David Legwand in Maple Leafs zone.
0:57 of 3rd period - Slapshot by Tobias Enstrom.
0:57 of 3rd period - Shot Blocked by Lasse Kukkonen.
0:59 of 3rd period - Slapshot by Michael Grabner.
0:59 of 3rd period - Shot Blocked by Lasse Kukkonen.
1:01 of 3rd period - Backhand shot by Michael Grabner.
1:01 of 3rd period - Shot Hit the Post.
1:05 of 3rd period - Snap shot by Jordan Staal.
1:05 of 3rd period - Shot Misses the Net.
1:07 of 3rd period - Snap shot by Jordan Staal.
1:07 of 3rd period - Stopped by Mike Brodeur without a rebound.
1:08 of 3rd period - David Legwand wins face-off versus Jordan Staal in Sharks zone.
1:46 of 3rd period - Snap shot by Eric Nystrom.
1:46 of 3rd period - Shot Misses the Net.
1:52 of 3rd period - Eric Nystrom is hit by Antoine Vermette.
2:45 of 3rd period - Penalty to Nick Palmieri is over, Nick Palmieri is back on ice.
2:51 of 3rd period - Penalty to Claude Giroux is over, Claude Giroux is back on ice.
3:10 of 3rd period - Slapshot by Tobias Enstrom.
3:10 of 3rd period - Stopped by Mike Brodeur without a rebound.
3:11 of 3rd period - Ryan Craig wins face-off versus Antoine Vermette in Sharks zone.
3:36 of 3rd period - Taylor Chorney is hit by Greg Campbell and loses puck.
4:20 of 3rd period - Minor Penalty to Ryan Craig for Holding Stick.
4:21 of 3rd period - Jordan Staal wins face-off versus David Legwand in Maple Leafs zone.
5:30 of 3rd period - Marc-Édouard Vlasic is hit by David Legwand and loses puck.
6:20 of 3rd period - Penalty to Ryan Craig is over, Ryan Craig is back on ice.
6:21 of 3rd period - Ryan Craig is hit by Mike Green and loses puck.
6:50 of 3rd period - Snap shot by Ryan Craig.
6:50 of 3rd period - Shot Misses the Net.
7:20 of 3rd period - Wrist shot by Blake Comeau.
7:20 of 3rd period - Stopped by Mike Brodeur with a rebound.
7:22 of 3rd period - Backhand shot by Braydon Coburn.
7:22 of 3rd period - Stopped by Mike Brodeur with a rebound.
7:32 of 3rd period - Oskar Osala is hit by Colby Armstrong and loses puck.
8:04 of 3rd period - Wrist shot by Jordan Staal.
8:04 of 3rd period - Stopped by Mike Brodeur without a rebound.
8:05 of 3rd period - T.J. Hensick wins face-off versus Jordan Staal in Sharks zone.
8:12 of 3rd period - Snap shot by T.J. Hensick.
8:12 of 3rd period - Shot Misses the Net.
8:30 of 3rd period - Wrist shot by Brad Boyes.
8:30 of 3rd period - Goal by Brad Boyes - Maple Leafs : 2 - Sharks : 1.
8:31 of 3rd period - Derek Boogaard wins face-off versus Rob Schremp in neutral zone.
8:56 of 3rd period - Claude Giroux is hit by Antoine Vermette and loses puck.
9:03 of 3rd period - Kevin Shattenkirk is hit by Claude Giroux and loses puck.
9:13 of 3rd period - Icing by Nick Palmieri.
9:14 of 3rd period - Antoine Vermette wins face-off versus Ryan Craig in Sharks zone.
9:30 of 3rd period - Snap shot by Colby Armstrong.
9:30 of 3rd period - Shot Misses the Net.
10:07 of 3rd period - Snap shot by Rob Schremp.
10:07 of 3rd period - Deflect By Michael Grabner.
10:07 of 3rd period - Stopped by Mike Brodeur with a rebound.
10:09 of 3rd period - Snap shot by Alexander Frolov.
10:09 of 3rd period - Stopped by Mike Brodeur with a rebound.
10:11 of 3rd period - Slapshot by Rob Schremp.
10:11 of 3rd period - Stopped by Mike Brodeur without a rebound.
10:12 of 3rd period - David Legwand wins face-off versus Jordan Staal in Sharks zone.
10:28 of 3rd period - Snap shot by Tobias Enstrom.
10:28 of 3rd period - Stopped by Mike Brodeur with a rebound.
11:05 of 3rd period - Wrist shot by Damien Brunner.
11:05 of 3rd period - Shot Misses the Net.
11:17 of 3rd period - Minor Penalty to Ryan Craig for Tripping.
11:18 of 3rd period - Jordan Staal wins face-off versus David Legwand in Maple Leafs zone.
11:43 of 3rd period - Kevin Shattenkirk is hit by Alexander Frolov and loses puck.
11:52 of 3rd period - Minor Penalty to Ryane Clowe for Roughing.
11:53 of 3rd period - Jordan Staal wins face-off versus David Legwand in Sharks zone.
12:30 of 3rd period - Snap shot by Michael Grabner.
12:30 of 3rd period - Shot Misses the Net.
12:46 of 3rd period - Damien Brunner is hit by Jordan Staal and loses puck.
13:03 of 3rd period - Wrist shot by T.J. Hensick.
13:03 of 3rd period - Stopped by Marc-André Fleury without a rebound.
13:04 of 3rd period - Cal Clutterbuck wins face-off versus Michael Grabner in Maple Leafs zone.
13:05 of 3rd period - Snap shot by T.J. Hensick.
13:05 of 3rd period - Deflect By Cal Clutterbuck.
13:05 of 3rd period - Stopped by Marc-André Fleury with a rebound.
13:07 of 3rd period - Wrist shot by T.J. Hensick.
13:07 of 3rd period - Shot Blocked by Braydon Coburn.
13:17 of 3rd period - Penalty to Ryan Craig is over, Ryan Craig is back on ice.
13:20 of 3rd period - Tobias Enstrom is hit by Cal Clutterbuck and loses puck.
13:47 of 3rd period - Boris Valabik is hit by Michael Grabner and loses puck.
13:52 of 3rd period - Penalty to Ryane Clowe is over, Ryane Clowe is back on ice.
13:52 of 3rd period - Snap shot by Alexander Frolov.
13:52 of 3rd period - Shot Misses the Net.
13:54 of 3rd period - Slapshot by Braydon Coburn.
13:54 of 3rd period - Shot Blocked by Lasse Kukkonen.
13:56 of 3rd period - Slapshot by Ryan Craig.
13:56 of 3rd period - Shot Misses the Net.
13:58 of 3rd period - Slapshot by Tobias Enstrom.
13:58 of 3rd period - Deflect By Michael Grabner.
13:58 of 3rd period - Shot Misses the Net.
13:58 of 3rd period - Puck is out of play.
13:59 of 3rd period - David Legwand wins face-off versus Jordan Staal in Sharks zone.
15:34 of 3rd period - Icing by Marc-Édouard Vlasic.
15:35 of 3rd period - Antoine Vermette wins face-off versus Rob Schremp in Maple Leafs zone.
15:50 of 3rd period - Backhand shot by Damien Brunner.
15:50 of 3rd period - Deflect By Rob Schremp.
15:50 of 3rd period - Stopped by Marc-André Fleury with a rebound.
15:52 of 3rd period - Snap shot by Damien Brunner.
15:52 of 3rd period - Stopped by Marc-André Fleury with a rebound.
15:54 of 3rd period - Backhand shot by Oskar Osala.
15:54 of 3rd period - Shot Misses the Net.
15:56 of 3rd period - Slapshot by Lasse Kukkonen.
15:56 of 3rd period - Stopped by Marc-André Fleury with a rebound.
16:00 of 3rd period - Snap shot by Oskar Osala.
16:00 of 3rd period - Stopped by Marc-André Fleury with a rebound.
16:02 of 3rd period - Snap shot by Greg Campbell.
16:02 of 3rd period - Shot Blocked by Rob Schremp.
16:14 of 3rd period - Snap shot by Tuomo Ruutu.
16:14 of 3rd period - Shot Misses the Net.
16:16 of 3rd period - Snap shot by Tuomo Ruutu.
16:16 of 3rd period - Shot Blocked by Marc-Édouard Vlasic.
16:18 of 3rd period - Slapshot by Boris Valabik.
16:18 of 3rd period - Shot Misses the Net.
16:44 of 3rd period - Marc-Édouard Vlasic is hit by Lasse Kukkonen.
17:04 of 3rd period - Slapshot by Ryane Clowe.
17:04 of 3rd period - Stopped by Marc-André Fleury without a rebound.
17:05 of 3rd period - Greg Campbell wins face-off versus Jordan Staal in Maple Leafs zone.
17:14 of 3rd period - Snap shot by Jordan Staal.
17:14 of 3rd period - Stopped by Mike Brodeur with a rebound.
17:16 of 3rd period - Slapshot by Jamie McBain.
17:16 of 3rd period - Deflect By Claude Giroux.
17:16 of 3rd period - Shot Misses the Net.
17:16 of 3rd period - Puck is out of play.
17:17 of 3rd period - Ryan Craig wins face-off versus Damien Brunner in Sharks zone.
17:20 of 3rd period - Snap shot by Eric Nystrom.
17:20 of 3rd period - Deflect By Ryan Craig.
17:20 of 3rd period - Stopped by Mike Brodeur with a rebound.
17:50 of 3rd period - Wrist shot by Jordan Staal.
17:50 of 3rd period - Stopped by Mike Brodeur without a rebound.
17:51 of 3rd period - Greg Campbell wins face-off versus Jordan Staal in Sharks zone.
18:04 of 3rd period - Wrist shot by Kevin Shattenkirk.
18:04 of 3rd period - Stopped by Marc-André Fleury with a rebound.
18:06 of 3rd period - Slapshot by Damien Brunner.
18:06 of 3rd period - Goal by Damien Brunner - Maple Leafs : 2 - Sharks : 2.
18:07 of 3rd period - Greg Campbell wins face-off versus Ryan Craig in neutral zone.
18:11 of 3rd period - Minor Penalty to Ryan Craig for Hooking.
18:12 of 3rd period - David Legwand wins face-off versus Jordan Staal in Maple Leafs zone.
19:51 of 3rd period - Derek Boogaard is hit by Alexander Frolov and loses puck.
Goals for this period are 0 for Maple Leafs vs 2 for Sharks.
Shots for this period are 12 for Maple Leafs vs 11 for Sharks.
Overtime #1
0:01 of 1st overtime period - David Legwand wins face-off versus Jordan Staal in neutral zone.
0:04 of 1st overtime period - Slapshot by Mike Green.
0:04 of 1st overtime period - Stopped by Marc-André Fleury without a rebound.
0:05 of 1st overtime period - Jordan Staal wins face-off versus David Legwand in Maple Leafs zone.
0:11 of 1st overtime period - Penalty to Ryan Craig is over, Ryan Craig is back on ice.
0:27 of 1st overtime period - Wrist shot by Jordan Staal.
0:27 of 1st overtime period - Deflect By Ryan Craig.
0:27 of 1st overtime period - Shot Blocked by Lasse Kukkonen.
0:27 of 1st overtime period - Puck is out of play.
0:28 of 1st overtime period - Jordan Staal wins face-off versus David Legwand in Sharks zone.
1:14 of 1st overtime period - Ryan Craig is hit by Lasse Kukkonen and loses puck.
1:39 of 1st overtime period - Slapshot by Andrej Sekera.
1:39 of 1st overtime period - Stopped by Marc-André Fleury with a rebound.
1:41 of 1st overtime period - Snap shot by Andrej Sekera.
1:41 of 1st overtime period - Stopped by Marc-André Fleury with a rebound.
1:43 of 1st overtime period - Slapshot by Cal Clutterbuck.
1:43 of 1st overtime period - Stopped by Marc-André Fleury without a rebound.
1:44 of 1st overtime period - Cal Clutterbuck wins face-off versus Michael Grabner in Maple Leafs zone.
1:45 of 1st overtime period - Snap shot by T.J. Hensick.
1:45 of 1st overtime period - Deflect By Cal Clutterbuck.
1:45 of 1st overtime period - Shot Blocked by Michael Grabner.
1:45 of 1st overtime period - Puck is out of play.
1:46 of 1st overtime period - Cal Clutterbuck wins face-off versus Michael Grabner in Maple Leafs zone.
1:47 of 1st overtime period - Slapshot by T.J. Hensick.
1:47 of 1st overtime period - Shot Blocked by Claude Giroux.
2:00 of 1st overtime period - Taylor Chorney is hit by T.J. Hensick and loses puck.
2:26 of 1st overtime period - Wrist shot by T.J. Hensick.
2:26 of 1st overtime period - Shot Blocked by Tobias Enstrom.
2:38 of 1st overtime period - Snap shot by Claude Giroux.
2:38 of 1st overtime period - Stopped by Mike Brodeur with a rebound.
2:40 of 1st overtime period - Backhand shot by Tobias Enstrom.
2:40 of 1st overtime period - Shot Misses the Net.
2:46 of 1st overtime period - Slapshot by Tobias Enstrom.
2:46 of 1st overtime period - Deflect By Michael Grabner.
2:46 of 1st overtime period - Stopped by Mike Brodeur with a rebound.
3:08 of 1st overtime period - Slapshot by Claude Giroux.
3:08 of 1st overtime period - Shot Misses the Net.
3:10 of 1st overtime period - Wrist shot by Claude Giroux.
3:10 of 1st overtime period - Stopped by Mike Brodeur with a rebound.
3:12 of 1st overtime period - Wrist shot by Braydon Coburn.
3:12 of 1st overtime period - Deflect By Michael Grabner.
3:12 of 1st overtime period - Shot Misses the Net.
3:12 of 1st overtime period - Puck is out of play.
3:13 of 1st overtime period - Ryan Craig wins face-off versus Brad Boyes in Sharks zone.
3:46 of 1st overtime period - Andrej Sekera is hit by Alexander Frolov and loses puck.
Goals for this period are 0 for Maple Leafs vs 0 for Sharks.
Shots for this period are 3 for Maple Leafs vs 4 for Sharks.
ShootOut
5:00 of 1st overtime period - Penalty Shot by Claude Giroux for Maple Leafs.
5:00 of 1st overtime period - Deke by Claude Giroux.
5:00 of 1st overtime period - Goal by Claude Giroux.
5:00 of 1st overtime period - Penalty Shot by Tuomo Ruutu for Sharks.
5:00 of 1st overtime period - Wrist shot by Tuomo Ruutu.
5:00 of 1st overtime period - Goal by Tuomo Ruutu.
5:00 of 1st overtime period - Penalty Shot by Michael Grabner for Maple Leafs.
5:00 of 1st overtime period - Wrist shot by Michael Grabner.
5:00 of 1st overtime period - Stopped by Mike Brodeur.
5:00 of 1st overtime period - Penalty Shot by Brad Boyes for Sharks.
5:00 of 1st overtime period - Snap shot by Brad Boyes.
5:00 of 1st overtime period - Goal by Brad Boyes.
5:00 of 1st overtime period - Penalty Shot by Alexander Frolov for Maple Leafs.
5:00 of 1st overtime period - Snap shot by Alexander Frolov.
5:00 of 1st overtime period - Goal by Alexander Frolov.
5:00 of 1st overtime period - Penalty Shot by Greg Campbell for Sharks.
5:00 of 1st overtime period - Backhand shot by Greg Campbell.
5:00 of 1st overtime period - Goal by Greg Campbell.
Back to the Top